AoeStats
← warvagon

Arabia

507444246Analyzed
1v1 RM · 13d ago on Sep 18, 2026· 73m 57s· 2 players
Game mode
Random Map
Map size
Tiny (2 player)
Population
200
Speed
Normal
Resources
Standard
Victory
Conquest
Starting age
Dark Age
Ending age
Imperial Age
RankedLock teamsTeams togetherTeam positionsShared explorationLock speedFull tech treeHidden civsTurbo modeCheats
Victory
Defeat
🇬🇧 Britons · United Kingdom
974
+17
🇱🇹 Bulgarians · Lithuania
1003
-17
jmr99
8:25 Loom
10:36 Feudal Age
11:10 Double-Bit Axe
15:22 Fletching
18:06 Padded Archer Armor
21:02 Wheelbarrow
23:09 Castle Age
23:06 Horse Collar
23:58 Crossbowman
24:52 Light Cavalry
26:16 Bodkin Arrow
26:32 Forging
29:30 Scale Barding Armor
30:01 Iron Casting
31:52 Leather Archer Armor
33:48 Husbandry
35:32 Ballistics
35:23 Masonry
36:02 Bow Saw
35:54 Heavy Plow
39:55 Imperial Age
40:40 Bracer
42:20 Chain Barding Armor
41:56 Arbalester
43:52 Hand Cart
43:22 Town Watch
47:38 Ring Archer Armor
47:47 Yeomen
49:29 Conscription
50:58 Plate Barding Armor
53:03 Elite Longbowman
54:40 Murder Holes
55:46 Chemistry
57:15 Blast Furnace
57:27 Warwolf
58:26 Hoardings
62:48 Cavalier
67:37 Architecture
warvagon
8:56 Loom
11:12 Feudal Age
11:38 Double-Bit Axe
11:48 Horse Collar
19:20 Castle Age
21:56 Forging
21:49 Padded Archer Armor
22:39 Heavy Plow
25:14 Elite Skirmisher
27:06 Fletching
30:53 Forging
31:31 Pikeman
34:59 Gold Mining
42:41 Imperial Age
41:42 Bodkin Arrow
42:03 Leather Archer Armor
45:27 Halberdier
46:07 Squires
48:57 Ballistics
50:43 Chemistry
51:14 Heavy Scorpion
51:18 Capped Ram
52:18 Siege Ram
57:35 Scale Mail Armor
58:11 Iron Casting
67:14 Gambesons
Connection lost

Rejoining the realm…

Still unreachable

The connection could not be restored.

Session expired

The server has moved on; the page needs a fresh start.